 Dungeon Crawl Stone Soup version 0.22.0-49-gab54619 (webtiles) character file.

85 Gildeon the Digger (level 4, -1/24 HPs)
             Began as a Gargoyle Earth Elementalist on Sept 4, 2018.
             Slain by a gnoll
             ... wielding a +0 halberd of protection
              (7 damage)
             ... on level 2 of the Dungeon on Sept 5, 2018.
             The game lasted 00:10:01 (1749 turns).

Gildeon the Digger (Gargoyle Earth Elementalist)    Turns: 1749, Time: 00:10:03

Health: -1/24      AC:  5    Str: 12    XL:     4   Next: 48%
Magic:  6/8        EV: 12    Int: 16    God:
Gold:   79         SH:  0    Dex: 10    Spells: 3/9 levels left

rFire    . . .     SeeInvis .   o - -3 whip (curse)
rCold    + . .     Gourm    .   (no shield)
rNeg     + . .     Faith    .   c - +0 robe
rPois    ∞         Spirit   .   (no helmet)
rElec    +         Reflect  .   (no cloak)
rCorr    .         Harm     .   (no gloves)
MR       .....                  (no boots)
Stlth    ++........             (no amulet)
HPRegen  0.08/turn              m - ring of protection from cold
MPRegen  0.11/turn              (no ring)

@: no status effects
A: negative energy resistance 1, electricity resistance, unbreathing,
petrification resistance, rot immunity, AC +3
a: no special abilities


You were on level 2 of the Dungeon.
You were not hungry.

You visited 1 branch of the dungeon, and saw 2 of its levels.

You collected 79 gold pieces.

Inventory:

Hand Weapons
 b - a +0 whip
 f - a +0 club
 h - a +0 hunting sling
 n - a +0 whip
 o - a cursed -3 whip (weapon)
 q - a +0 flail
Missiles
 g - 21 stones (quivered)
 i - 24 sling bullets
Armour
 c - a +0 robe (worn)
Jewellery
 m - a ring of protection from cold (left hand)
Scrolls
 e - 3 scrolls of identify
Potions
 a - a potion of experience {unknown}
 j - 2 potions of flight {unknown}
 k - a potion of brilliance {unknown}
 l - 2 potions of might {unknown}
Comestibles
 d - 3 rations
 p - 4 chunks of flesh


   Skills:
 - Level 1.5 Dodging
 - Level 2.1 Stealth
 + Level 3.0 Spellcasting
 + Level 1.6 Transmutations
 + Level 4.8 Earth Magic


You had 3 spell levels left.
You knew the following spells:

 Your Spells              Type           Power        Failure   Level  Hunger
a - Sandblast             Erth           ###...       2%          1    #......
b - Passwall              Tmut/Erth      ##......     8%          2    ##.....
c - Stone Arrow           Conj/Erth      ##....       22%         3    ###....

Your spell library contained the following spells:

 Spells                   Type           Power        Failure   Level  Hunger
 Petrify                  Tmut/Erth      ##......     43%         4    #####..
 Lee's Rapid Deconstruct  Erth           ###.......   58%         5    ######.


Dungeon Overview and Level Annotations

Branches:
Dungeon (2/15)

Altars:


Innate Abilities, Weirdness & Mutations

You are resistant to torment.
Your stone body is resilient. (AC +3)
You are immune to poison.
You resist negative energy. (rN+)
You are resistant to electric shocks. (rElec)
You can survive without breathing.
You are immune to petrification.
You are immune to rotting.


Message History

Press: ? - help, Shift-Dir - straight line, f - gnoll
Aim: a gnoll, wielding a halberd of protection The blast of sand hits the gnoll.
The gnoll is heavily wounded.
g - 22 stones The hobgoblin hits you but does no damage.
The gnoll hits you from afar with a halberd of protection!
* * * LOW HITPOINT WARNING * * *
Casting: Sandblast (safe; 2% risk of failure)
Confirm with . or Enter, or press ? or * to list all spells.
Aiming: Sandblast (safe; 2% risk of failure)
Press: ? - help, Shift-Dir - straight line, f/p - gnoll
Aim: a gnoll, wielding a halberd of protection (heavily wounded)
The blast of sand hits the gnoll.
The gnoll is heavily wounded.
g - 21 stones The hobgoblin hits you.
* * * LOW HITPOINT WARNING * * *
The gnoll hits you from afar with a halberd of protection!
You die...

####.######....####### ...
.....##.........#######>...
........###.....##.........
...........>...............
......#....##............>.
#.#.###.......#....)......
..#......##....÷##.....#
.....#####..##...(g....#
.##.###....####.@#(....#
.##.# #....# ##.g.(...#
.#..# #....#...............
...## #......#######.....##
..## #..<.# ......# .##
#....# .#..... .# #....#
.#.#... ## ...... ...#### #
##


You could see a gnoll and a hobgoblin.

Vanquished Creatures
  2 gnolls (D:2)
  A worm (D:2)
  2 dart slugs
  2 leopard geckos (D:2)
  A ball python (D:2)
  5 bats
  3 giant cockroaches
  9 goblins
  3 hobgoblins (D:1)
  7 jackals (D:1)
  3 frilled lizards
  6 kobolds
  11 rats
55 creatures vanquished.

Notes
Turn   | Place    | Note
-------+----------+-------------------------------------------
     0 | D:1      | Gildeon the Gargoyle Earth Elementalist began the quest for
                  | the Orb.
     0 | D:1      | Reached XP level 1. HP: 10/10 MP: 3/3
    87 | D:1      | Reached XP level 2. HP: 15/15 MP: 0/5
   105 | D:1      | Reached skill level 4 in Earth Magic
   404 | D:1      | Learned a level 2 spell: Passwall
   655 | D:1      | Reached skill level 1 in Transmutations
   656 | D:1      | Reached XP level 3. HP: 19/19 MP: 3/6
   927 | D:2      | Learned a level 3 spell: Stone Arrow
  1299 | D:2      | Reached XP level 4. HP: 22/24 MP: 8/8
  1749 | D:2      | Slain by a gnoll

Skill      XL: |  1  2  3  4 |
---------------+-------------+-----
Earth Magic    | 4 |  4.8
Transmutations | 1 |  1.6
Spellcasting   | 3 |  3.0
Dodging        | |  1.5
Stealth        | |  2.1

Action                   |  1- 3 |  4- 6 || total
-------------------------+-------+-------++-------
Melee: Unarmed           |    16 |       ||    16
       Club              |    15 |       ||    15
       Whip              |    26 |    35 ||    61
 Fire: Hunting sling     |    16 |       ||    16
 Cast: Sandblast         |    42 |     8 ||    50
  Use: Scroll            |     2 |       ||     2
  Eat: Ration            |     1 |       ||     1
       Chunk             |     1 |       ||     1
Armor: Robe              |    25 |    13 ||    38
Dodge: Dodged            |    47 |    30 ||    77
